 Dungeon Crawl Stone Soup version 0.23.1 (webtiles) character file.

Game seed: 8121446769327440302

67 ohad the Changer (level 4, 0/28 HPs)
             Began as an Octopode Transmuter on Mar 15, 2019.
             Succumbed to an adder's poison
             ... on level 2 of the Dungeon.
             The game lasted 00:03:45 (1541 turns).

ohad the Changer (Octopode Transmuter)              Turns: 1541, Time: 00:03:46

Health: 0/28       AC:  1    Str:  9    XL:     4   Next: 16%
Magic:  1/8        EV: 13    Int: 16    God:
Gold:   155        SH:  0    Dex: 12    Spells: 2/8 levels left

rFire    . . .     SeeInvis .     - Unarmed
rCold    . . .     Gourm    .   (no shield)
rNeg     . . .     Faith    .   (helmet restricted)
rPois    .         Spirit   .   (no amulet)
rElec    .         Reflect  .   (no ring)
rCorr    .         Harm     .   (no ring)
MR       .....                  (no ring)
Stlth    ++........             (no ring)
HPRegen  0.09/turn              (no ring)
MPRegen  0.11/turn              (no ring)
                                (no ring)
                                (no ring)

@: lethally poisoned (0 -> -3), appendage
A: almost no armour, stealthy swim, amphibious, 8 rings, constrict 8, tentacle
spike 3, camouflage 1, gelatinous body 1
a: End Transformation


You were on level 2 of the Dungeon.
You were not hungry.
One of your tentacles had a temporary spike.
You visited 1 branch of the dungeon, and saw 2 of its levels.

You collected 155 gold pieces.

Inventory:

Missiles
 a - 9 arrows
 b - 11 poisoned needles
Jewellery
 g - an uncursed ring of magical power {unknown}
Scrolls
 e - a scroll of identify {unknown}
Comestibles
 c - 4 rations
 d - 6 chunks of flesh


   Skills:
 - Level 1.0 Fighting
 - Level 2.0 Dodging
 - Level 3.0 Unarmed Combat
 + Level 2.7 Spellcasting
 + Level 3.7 Transmutations


You had 2 spell levels left.
You knew the following spells:

 Your Spells              Type           Power        Failure   Level  Hunger
a - Beastly Appendage     Tmut           ##....       4%          1    #......
b - Sticks to Snakes      Tmut           ##......     6%          2    ##.....
c - Spider Form           Tmut/Pois      #.........   26%         3    ###....

Your spell library contained the following spells:

 Spells                   Type           Power        Failure   Level  Hunger
 Ice Form                 Ice/Tmut       #.......     65%         4    #####..
 Blade Hands              Tmut           ##........   75%         5    ######.


Dungeon Overview and Level Annotations

Branches:
Dungeon (2/15)

Altars:


Innate Abilities, Weirdness & Mutations

You cannot wear most types of armour.
You are very stealthy in the water. (Stealth+)
You are amphibious.
You can wear up to eight rings at the same time.
You can use your tentacles to constrict eight enemies at once.
Your skin changes colour to match your surroundings (Stealth+).
Your rubbery body absorbs attacks. (AC +1, EV +1)
One of your tentacles bears a large vicious spike.


Message History

Casting: Sticks to Snakes (safe; 6% risk of failure)
Confirm with . or Enter, or press ? or * to list all spells.
One of your tentacles grows a vicious spike.
You feel sick.
Your adder misses the adder.
Your ball python misses the adder.
Your ball python grabs the adder.
Your ball python constricts the adder.
The adder bites you.
* * * LOW HITPOINT WARNING * * *
Your ball python bites the adder but does no damage.
Your ball python constricts the adder.
Your adder bites the adder.
The adder is poisoned.
Your adder poisons the adder!
You tentacle-slap the adder.
You pierce the adder, but do no damage.
The adder is almost dead.
The adder dies!
Unknown command.
You see here an adder corpse.
You butcher the adder corpse.
Things that are here:
2 chunks of flesh; an adder skeleton
d - 6 chunks of flesh (gained 2)
You die...

# .# ..# . # # #.# .. ♣
.. #.########.##.♣
.♣..♣
#............♣♣♣...♣
#......S...♣..♣..♣ ♣
#......@..♣♣♣...♣♣ ..
#.....S..)÷♣÷÷♣ .♣..♣
........###...♣♣♣...♣♣
. ........# #.♣..♣..♣
.♣.. ........#
#♣♣♣...♣♣♣... ........#
#.♣..♣..♣..♣ ........#
#...♣♣♣...♣♣ .
........###....♣..♣..♣.
#........♣♣♣..


You could see a friendly adder and a friendly ball python.

Vanquished Creatures
  Terence (D:2)
  An ooze (D:2)
  2 leopard geckos
  2 bats (D:1)
  A giant cockroach (D:1)
  4 goblins
  6 hobgoblins
  A ball python (D:1)
  3 frilled lizards
  4 kobolds
  3 rats (D:1)
28 creatures vanquished.

Vanquished Creatures (collateral kills)
  An adder (D:2)
1 creature vanquished.

Grand Total: 29 creatures vanquished

Notes
Turn   | Place    | Note
-------+----------+-------------------------------------------
     0 | D:1      | ohad the Octopode Transmuter began the quest for the Orb.
     0 | D:1      | Reached XP level 1. HP: 13/13 MP: 3/3
   536 | D:1      | Reached XP level 2. HP: 17/18 MP: 5/5
  1163 | D:1      | Reached XP level 3. HP: 20/23 MP: 6/6
  1296 | D:2      | Noticed Terence
  1301 | D:2      | Learned a level 2 spell: Sticks to Snakes
  1305 | D:2      | Learned a level 3 spell: Spider Form
  1416 | D:2      | Killed Terence
  1416 | D:2      | Reached XP level 4. HP: 14/28 MP: 3/7
  1537 | D:2      | HP: 1/28 [adder (5)]
  1541 | D:2      | Succumbed to an adder's poison

Skill      XL: |  1  2 |
---------------+-------+-----
Transmutations | 3 |  3.7
Fighting       | |  1.0
Dodging        | |  2.0
Unarmed Combat | |  3.0
Spellcasting   | |  2.7

Action                   |  1- 3 |  4- 6 || total
-------------------------+-------+-------++-------
Melee: Unarmed           |    65 |     7 ||    72
       Constrict         |    17 |     1 ||    18
       Tentacles         |     9 |       ||     9
       Kick              |     5 |     2 ||     7
 Cast: Beastly Appendage |     4 |     2 ||     6
       Spider Form       |     1 |       ||     1
       Sticks to Snakes  |       |     3 ||     3
  Use: Potion            |       |     1 ||     1
 Stab: Sleeping          |     4 |       ||     4
  Eat: Chunk             |     1 |     1 ||     2
Armor: Skin              |     2 |       ||     2
Dodge: Dodged            |    44 |     2 ||    46
